Cogmind - Beta 14 *** ADVENTURER MODE // 2025.01.03 @ 19:41:25 Player: Diggertron Result: Self-destructed Performance ------------- Evolutions (1) 500 Regions Visited (3) 600 Robots Destroyed (18) 90 Value Destroyed (424) 424 Prototype IDs (0) 0 Alien Tech Used (0) 0 Bonus (-314) -314 TOTAL SCORE: 1300 Bonus ------- Follower Combat Kills 14 Friendly Fire -328 Cogmind --------- Core Integrity 400/400 Matter 179/400 Energy 160/160 System Corruption 0% Temperature Cool (0) Movement Treading (160) Location -9/Materials Parts ------- > --- POWER (1) -------- Light Nuclear Core > --- PROPULSION (2) --- Light Treads Light Treads > --- UTILITY (4) ------ Small Storage Unit Medium Matter Pod Weight Redist. System Light Armor Plating > --- WEAPON (2) ------- Rocket Launcher Rocket Launcher > --- INVENTORY (8) ---- Ion Engine Light Ion Engine EM Pulse Gun Assault Rifle Assault Rifle Assault Rifle Heavy Assault Rifle Light Cannon Peak State ------------ > --- POWER ------------ Light Nuclear Core > --- PROPULSION ------- Light Treads Light Treads > --- UTILITY ---------- Small Storage Unit Medium Matter Pod Weight Redist. System Light Armor Plating > --- WEAPON ----------- Rocket Launcher Rocket Launcher > --- INVENTORY -------- Ion Engine Light Ion Engine EM Pulse Gun Assault Rifle Assault Rifle Assault Rifle Heavy Assault Rifle Light Cannon [Rating: 14] Favorites ----------- Power Light Nuclear Core Engine Ion Engine Power Core Light Nuclear Core Propulsion Light Treads Treads Light Treads Utility Light Armor Plating Device Weight Redist. System Storage Small Storage Unit Protection Light Armor Plating Weapon Assault Rifle Energy Gun EM Pulse Gun Ballistic Gun Assault Rifle Launcher Rocket Launcher Build | -11 -10 -10 -9 ------- Run | Yrd Mat Min Mat Slots Evolved 2 | . . . 2 Power . | . . . . Propulsion . | . . . . Utility 2 | . . . 2 Weapon . | . . . . Parts Attached 15 | 6 1 1 7 Power 2 | 1 . 1 . Engine 1 | 1 . . . Core 1 | . . 1 . Reactor . | . . . . Propulsion 2 | 2 . . . Treads 2 | 2 . . . Leg . | . . . . Wheel . | . . . . Hover . | . . . . Flight . | . . . . Utility 5 | 1 1 . 3 Device 1 | . . . 1 Storage 2 | 1 . . 1 Processor . | . . . . Hackware . | . . . . Protection 2 | . 1 . 1 Artifact . | . . . . Weapon 6 | 2 . . 4 Energy Gun 1 | 1 . . . Energy Cannon . | . . . . Ballistic Gun 3 | 1 . . 2 Ballistic Cannon . | . . . . Launcher 2 | . . . 2 Special Weapon . | . . . . Impact Weapon . | . . . . Slashing Weapon . | . . . . Piercing Weapon . | . . . . Special Melee Weapon . | . . . . Unidentified Prototypes . | . . . . Parts Lost 1 | . . . 1 Power . | . . . . Propulsion . | . . . . Utility 1 | . . . 1 Weapon . | . . . . Highest Loss Streak 1 | . . . 1 To Critical Strikes . | . . . . Average Slot Usage (%) 98 | . 98 100 93 Engine 5 | . 14 . . Core 8 | . . 13 11 Treads 27 | . 28 28 22 Storage 13 | . 14 14 13 Protection 14 | . 12 14 18 Energy Gun 12 | . 14 14 3 Ballistic Gun 13 | . 14 14 12 Peak Build Rating 14 | 6 7 9 14 Average Rating 8 | 3 6 8 12 On Entrance 5 | . 6 7 9 Naked Turns . | . . . . Heaviest Build 23 | 14 17 17 23 Greatest Support 46 | 40 40 40 46 Greatest Overweight (x) 1 | 1 . . . Average Overweight (x) . | . . . . Largest Inventory Capacity 8 | 8 8 8 8 Average Capacity 7 | 6 8 8 8 Most Carried 8 | 5 5 7 8 Average Carried 5 | 2 4 6 7 Final Capacity 8 | 8 8 8 8 Final Carried 8 | 2 5 7 8 Class Distribution -------------------- 100% | Mutant Dominant Class ---------------- Mutant | -10/Materials Mutant | -10/Mines Mutant | -9/Materials Resources | -11 -10 -10 -9 ----------- Run | Yrd Mat Min Mat Matter Collected 432 | 205 100 64 63 Remotely . | . . . . Salvage Created 584 | . 150 330 104 Parts 43 | . 14 17 12 Haulers Intercepted . | . . . . Recyclers Shooed 1 | . . 1 . Parts Field Recycled . | . . . . Retrieved Matter . | . . . . Parts Self-Destructed . | . . . . Prevented . | . . . . Kills | -11 -10 -10 -9 ------- Run | Yrd Mat Min Mat Combat Hostiles Destroyed 11 | . 2 7 2 Guns 9 | . 2 6 1 AOE 2 | . . 1 1 Classes Destroyed 6 | . 3 1 2 Worker 1 | . 1 . . Builder 1 | . . . 1 Watcher 3 | . 2 . 1 Swarmer 3 | . . 3 . Grunt 8 | . 2 6 . Sentry 2 | . . . 2 Best Kill Streak 3 | . 2 3 3 Combat Bots Only 2 | . 2 2 1 Max Kills in Single Turn 2 | . 1 2 2 Gunslinging . | . . . . Exploded 1 | . . 1 1 Melee . | . . . . Uniques/NPCs Destroyed . | . . . . Combat | -11 -10 -10 -9 -------- Run | Yrd Mat Min Mat Hostile Shots Fired 67 | . 15 46 6 Missed 19 | . 3 15 1 Damage Taken 418 | . 125 237 56 Core 36 | . . 36 . Absorbed by Shields . | . . . . Ignored by Resistances 132 | . 38 78 16 Core Remaining (%) 92 | 100 . 85 . Volleys Fired 44 | . 13 23 8 Largest 2 | . 2 2 2 Hottest 66 | . 60 60 66 Shots Fired 88 | . 26 46 16 Gun 80 | . 26 46 8 Cannon . | . . . . Launcher 8 | . . . 8 Special . | . . . . Kinetic 42 | . 13 23 6 Thermal . | . . . . Explosive 8 | . . . 8 Electromagnetic 38 | . 13 23 2 Robot Hit Streak 17 | . 6 17 10 Robot Miss Streak 6 | . 3 6 2 Penetration Max . | . . . . Secondary Targets . | . . . . Shots Hit Robots 59 | . 14 33 12 Core Hits 31 | . 9 14 8 Critical Kills . | . . . . Critical Parts Destroyed . | . . . . Critical Strikes 1 | . . 1 . Corrupt 1 | . . 1 . Melee Attacks . | . . . . Impact . | . . . . Slashing . | . . . . Piercing . | . . . . Sneak Attacks . | . . . . Combat Hostiles . | . . . . Follow-up Attacks . | . . . . Damage Inflicted 1083 | . 223 600 260 Guns 731 | . 218 433 80 Cannons . | . . . . Explosions 340 | . . 160 180 Melee . | . . . . Ramming 12 | . 5 7 . Kinetic 348 | . 94 198 56 Thermal 160 | . . 160 . Explosive 180 | . . . 180 Electromagnetic 383 | . 124 235 24 Impact . | . . . . Slashing . | . . . . Piercing . | . . . . Highest Corruption . | . . . . Average Corruption . | . . . . Corruption Purged . | . . . . Corruption Blocked . | . . . . Overload Shots . | . . . . Overflow Damage 3 | . . 3 . Projectiles . | . . . . Explosions 3 | . . 3 . Melee . | . . . . Knockbacks . | . . . . Impact . | . . . . Kinetic . | . . . . Secondary . | . . . . Self-Inflicted Damage 16 | . . 16 . Shots 1 | . . 1 . Rammed 3 | . 1 2 . Targets Rammed 3 | . 1 2 . Kicked . | . . . . Crushed . | . . . . Highest Temperature 108 | . 81 108 45 Average Temperature 33 | . 28 41 16 Received Heat Transfer 183 | . 90 66 27 Siege Activations . | . . . . Robots Corrupted . | . . . . Combat Hostiles . | . . . . Parts Fried 1 | . . 1 . Impact Corruptions . | . . . . Robots Melted . | . . . . Combat Hostiles . | . . . . Parts Melted . | . . . . Heat Transferred 200 | . . 200 . Parts Sabotaged . | . . . . Parts Stolen . | . . . . Parts Stripped . | . . . . Power Chain Reactions 2 | . . 2 . Alert | -11 -10 -10 -9 ------- Run | Yrd Mat Min Mat Peak Influence 191 | . 89 125 191 Initial 40 | . . 1 40 Average 46 | . 24 51 92 Maximum Alert Level . | . . . . Low Security (%) 100 | 100 100 100 100 Level 1 . | . . . . Level 2 . | . . . . Level 3 . | . . . . Level 4 . | . . . . Level 5 . | . . . . High Security . | . . . . Max Security . | . . . . Squads Dispatched 1 | . 1 . . Investigation 1 | . 1 . . Extermination . | . . . . Reinforcement . | . . . . Assault . | . . . . Garrison . | . . . . Intercept . | . . . . Searches Triggered . | . . . . Construction Impeded . | . . . . Haulers Reinforced . | . . . . Active Scanning Responses . | . . . . Cargo Convoy Interrupts . | . . . . Stealth | -11 -10 -10 -9 --------- Run | Yrd Mat Min Mat Distress Signals 1 | . . . 1 Communications Jammed . | . . . . Distress Signals . | . . . . Times Spotted 24 | . 6 12 6 Peak Tracking Total 4 | . 3 4 2 Tactical Retreats 2 | . 1 1 . Traps | -11 -10 -10 -9 ------- Run | Yrd Mat Min Mat Traps Triggered 1 | . 1 . . Indirectly . | . . . . Trap Hack Attempts . | . . . . Triggered . | . . . . Disarmed . | . . . . Reprogrammed . | . . . . Reused . | . . . . Traps Extracted . | . . . . Installed . | . . . . Triggered . | . . . . Machines | -11 -10 -10 -9 ---------- Run | Yrd Mat Min Mat Machines Disabled 2 | . . . 2 Max in Single Turn 1 | . . . 1 Machines Repaired . | . . . . Machines Dismantled . | . . . . Machines Sabotaged . | . . . . Overloaded Fab Kills . | . . . . Hacking | -11 -10 -10 -9 --------- Run | Yrd Mat Min Mat Machines Accessed 2 | . 2 . . Terminals 2 | . 2 . . Fabricators . | . . . . Repair Stations . | . . . . Recycling Units . | . . . . Scanalyzers . | . . . . Garrison Access . | . . . . Total Hacks 5 | . 5 . . Successful 3 | . 3 . . Failed 2 | . 2 . . Catastrophic . | . . . . Database Lockouts . | . . . . Manual . | . . . . Terminals 5 | . 5 . . Fabricators . | . . . . Repair Stations . | . . . . Recycling Units . | . . . . Scanalyzers . | . . . . Garrison Access . | . . . . Terminal Hacks 3 | . 3 . . Alert Level 1 | . 1 . . Unreport Threat 1 | . 1 . . Maintenance Status 1 | . 1 . . Fabricator Hacks . | . . . . Repair Station Hacks . | . . . . Recycling Unit Hacks . | . . . . Scanalyzer . | . . . . Garrison Access Hacks . | . . . . Unauthorized Hacks . | . . . . Terminals . | . . . . Fabricators . | . . . . Repair Stations . | . . . . Recycling Units . | . . . . Scanalyzers . | . . . . Garrison Access . | . . . . Data Cores Recovered . | . . . . Used . | . . . . Hacking Detections 1 | . 1 . . Full Trace Events . | . . . . Feedback Events . | . . . . Feedback Blocked . | . . . . Robot Schematics Acquired . | . . . . Robots Built . | . . . . Authchips . | . . . . Time . | . . . . Total Robot Build Rating . | . . . . Part Schematics Acquired . | . . . . Parts Built . | . . . . Authchips . | . . . . Time . | . . . . Total Part Build Rating . | . . . . Parts Repaired . | . . . . Time . | . . . . Parts Recycled . | . . . . Recycled Matter . | . . . . Retrieved Matter . | . . . . Retrieved Components . | . . . . Parts Scanalyzed . | . . . . Part Schematics Acquired . | . . . . Parts Damaged . | . . . . Bothacking | -11 -10 -10 -9 ------------ Run | Yrd Mat Min Mat Used RIF Installer . | . . . . Robots Hacked . | . . . . Non-combat . | . . . . Combat . | . . . . Robot Hacks Applied . | . . . . Relay Couplers Released . | . . . . Fabnet Peak Effective % . | . . . . Robots Rewired . | . . . . Allies Hacked . | . . . . Hacks Repelled . | . . . . Allies | -11 -10 -10 -9 -------- Run | Yrd Mat Min Mat Total Allies 3 | . . 3 . Largest Group 3 | . . 3 . Highest-Rated Group 40 | . . 40 . Highest-Rated Ally 16 | . . 16 . Total Orders 1 | . . 1 . FOLLOW 1 | . . 1 . Ally Attacks 10 | . . 10 . Total Damage 87 | . . 87 . Kills 2 | . . 2 . Allies Corrupted . | . . . . Allies Melted . | . . . . Intel | -11 -10 -10 -9 ------- Run | Yrd Mat Min Mat Robot Analysis Total . | . . . . Derelict Logs Recovered 1 | . . 1 . Drone Launches . | . . . . Drone Recoveries . | . . . . Exploration | -11 -10 -10 -9 ------------- Run | Yrd Mat Min Mat Turns Passed 1410 | 56 481 660 213 Spaces Moved 789 | 41 272 366 110 Core 22 | 22 . . . Treads 767 | 19 272 366 110 Legs . | . . . . Wheels . | . . . . Hover . | . . . . Flight . | . . . . Fastest Speed 50 | 50 160 160 160 Average Speed 157 | 108 160 160 160 Slowest Speed 160 | 160 160 160 160 Overloaded Moves . | . . . . Propulsion Burnouts . | . . . . Robots Hopped . | . . . . Cave-ins Triggered . | . . . . Exploration Rate (%) 33 | 4 42 72 17 Regions Visited 3 Branch Regions 1 Pre-discovered Areas 1 | . . 1 . Known Exits Taken . | . . . . Unknown Exits Taken 3 | 1 1 1 . Scrap Searched 2 | . . 2 . Spaces Dug . | . . . . Terrain Destroyed 29 | . . 5 24 Melee . | . . . . Projectile . | . . . . AOE 29 | . . 5 24 Terrain Rammed . | . . . . Walls Destroyed . | . . . . Machines Disabled . | . . . . Actions | -11 -10 -10 -9 --------- Run | Yrd Mat Min Mat Total 864 | 51 292 393 128 Wait . | . . . . Move 786 | 40 271 365 110 Hop . | . . . . Pick Up 15 | 5 5 2 3 Fast Attach 4 | 3 . . 1 Attach 6 | 3 1 . 2 Detach . | . . . . Swap 5 | . . 1 4 Drop 1 | . 1 . . Fire 44 | . 13 23 8 Melee . | . . . . Ram . | . . . . Kick . | . . . . Crush 3 | . 1 2 . Escape Stasis . | . . . . Rewire . | . . . . Trap . | . . . . Miscellaneous . | . . . . Route ------- -11/Scrapyard -10/Materials -10/Mines -9/Materials (discovered 1 exit: [*Min]) History --------- Turn | Location | Event 5 | -11/Scrapyard | Discovered new exit (range 16) 57 | -11/Scrapyard | Entered Materials 140 | -10/Materials | Discovered new exit (range 15) 301 | -10/Materials | Build established: Mutant 538 | -10/Materials | Entered Mines 735 | -10/Mines | Assisted by bots powering up and referring to "LRC-V3" 736 | -10/Mines | Learned location of Zion (-7) 1078 | -10/Mines | Received a Rocket Launcher from a helpful Derelict 1183 | -10/Mines | Discovered new exit (range 7) 1198 | -10/Mines | Entered Materials 1198 | -9/Materials | Evolved 2 slots: Utility x2 1278 | -9/Materials | Discovered new exit (range 12) 1411 | -9/Materials | Self-destructed Last Messages --------------- Acquired Hvy. Assault Rifle. Destroyed Hover Unit. Processing Tank disabled. K-01 Serf collects debris. EXIT=FOUND Acquired Weight Redist. System. Lgt. Armor Plating destroyed. Y-45 Defender destroyed. Acquired Rocket Launcher. Acquired Med. Matter Pod. W-16 Scout distress signal alerts nearby ally. W-16 Scout destroyed. U-05 Engineer destroyed. Y-45 Defender destroyed. The unstable cave ceiling collapses. Acquired 3 matter. The unstable cave ceiling collapses. R-06 Scavenger collects Wheel. Acquired 60 matter. The unstable cave ceiling collapses. Map ----- +----------------------------------------------------+ | ?????# #???????????????????????????????????????? | | ?????# #???????????????????????????????????????? | | ?????# #???????????????????????????????????????? | | ###### #???????????????????????????????????????? | | # ##########??????????????????????????????? | | # ????????????????????????????? | | + ????????????????????????????? | | # ????????????????????????????? | | # ############????????????????????????????? | | #???????????????????????????????????????? | | #???????????????????????????????????????? | | #???????????????????????????????????????? | | """ " #???????????????????????????????????????? | | """"" #???????????????????????????????????????? | | """"" ##### #####?????????????????????????????? | | + T #?????????????????????????????? | | # #?????????????????????????????? | | #######+## !! #?????????????????????????????? | | ??# # ! """ #?????????????????????????????? | | #?# # ![ """ #?????????????????????????????? | | ## #|% ##????????????????????????????? | | ## #! ##???????????????????????????? | | ## """ # #######?????????????????????? | | ## """ # ## ### #???? ?????????????? | | "## """ ! # """"???????????????? | | ### """ *@!; """"???????????????? | | #?# """ # ### = # """"???????????????? | | ??# # ] #?##+###????""???????????????? | | ??#####+### !]] ## ???????????????????????????? | | ???????? + ??????????????????????????? | | ????? ## ?????????????????????????? | | ????########"Y"####?"S ????????????????????????? | | ???????????#"""#????""" ???????????????????????? | | ???????????#####?????"" ??????????????????????? | | ????????????????????? ?? #?????????????????????? | | ?????????????????????????###?????????????????????? | | | | | | | | | | | | | | | | | | | | | | | | | | | | | +----------------------------------------------------+ Best States ------------- Heat Dissipation 28 Energy Generation 14 Energy Capacity 250 Matter Stores 300 Matter Capacity 400 Sight Range 16 Terrain Scan Density 10 Additional Mass Support 6 Armor Coverage 300 Resistance: KI 20 Resistance: TH 20 Resistance: EX 20 Resistance: EM 20 Resistance: I 20 Resistance: S 20 Resistance: P 20 Evasion (%) 50 Recoil Reduction 2 Offensive Hacking 10 Item Schematics ----------------- None Robot Schematics ------------------ None Fabricated ------------ Nothing Alien Tech Used ----------------- None Achievements -------------- None Challenges ------------ None Game ------ Seed LobotomyPrecisionGravjet Manual? 0 Play Time 00:10:29 Cumulative 3.0 hours Start 2024.12.29 @ 18:26:50 End 2025.01.03 @ 19:41:25 Sessions 3 Manual Loads 0 Difficulty Adventurer Special Mode None Game No. 7 Rogue 0 Adventurer 7 Explorer 0 Win Type - Total 0 Types 0/0/0/0/0/0/0/0/0 Lore% 3 Gallery% 8 Achievement% 9 Wizard Run 0 Options --------- Layout 1 ASCII 0 Keyboard 0 Movement Mouse Keybinds 0 Fullscreen 1 Font 24/Smallcaps Map View 50x35 Zoom Use 0% Tactical HUD 0 Map Filters NONE Filters NONE Steam 1 RUN: 9530678a-c6cb-4219-95b0-1aa61e84a409